[Event "Titled Tuesday Blitz December 20 Early 2022"]
[White "Ezat, Mohamed"]
[Black "Timofeeva, Galina"]
[WhiteFideId "10600906"]
[BlackFideId "14106175"]
[WhiteElo "2402"]
[BlackElo "1955"]
[Result "0-1"]
[Round "02"]
[TimeControl "180+2"]
[Date "2022.12.20"]
[WhiteClock "0:00:11"]
[BlackClock "0:01:03"]

1. d4 d5 2. c4 e6 3. Nc3 c6 4. e4 dxe4 5. Nxe4 Bb4+ 6. Bd2 Qxd4 7. Bxb4 Qxe4+ 8. Be2 Na6 9. Bf8 Ne7 10. Bxg7 Rg8 11. Bf6 Rg6 12. Bc3 Qxg2 13. Qd2 Qxh1 14. O-O-O Nd5 15. Nf3 Qg2 16. cxd5 cxd5 17. Nh4 Qg5 18. Nxg6 Qxd2+ 19. Rxd2 hxg6 20. Bxa6 bxa6 21. Bf6 Kd7 22. Rc2 Bb7 23. Be5 Bc6 24. Rc3 a5 25. Rf3 Ke7 26. Rc3 Rc8 27. Bd4 a6 28. b3 Kd7 29. Rf3 Kd6 30. Re3 a4 31. Be5+ Ke7 32. b4 Bb5+ 33. Kd2 Rc4 34. Rc3 f6 35. Rxc4 Bxc4 36. Bd4 Bxa2 37. f4 Bc4 38. Kc3 a3 39. h4 a2 40. Kb2 e5 41. fxe5 f5 42. Be3 Ke6 43. Bf4 d4 44. Ka1 Kd5 45. Kb2 Ke4 46. Bg5 f4 0-1


[Site "https://www.chess.com"]

[Event "Titled Tuesday Blitz December 20 Early 2022"]
[White "FMalexhdez"]
[Black "WPWPWP-2015"]
[WhiteElo "2290"]
[BlackElo "2483"]
[Result "0-1"]
[Round "02"]
[TimeControl "180+2"]
[Date "2022.12.20"]
[WhiteClock "0:00:39"]
[BlackClock "0:02:25"]

1. e4 e5 2. Nf3 Nf6 3. d4 Nxe4 4. Bd3 d5 5. Nxe5 Nd7 6. Nxd7 Bxd7 7. O-O Bd6 8. c4 c6 9. Nc3 Nxc3 10. bxc3 dxc4 11. Re1+ Be6 12. Bxc4 O-O 13. Bxe6 fxe6 14. Qg4 Kh8 15. Rxe6 Qd7 16. Bg5 Rae8 17. Rae1 Rxe6 18. Qxe6 Qc7 19. g3 h6 20. Be7 Re8 21. Bxd6 Rxe6 22. Rxe6 Qd7 23. Re7 Qxd6 24. Rxb7 a5 0-1


[Site "https://www.chess.com"]

[Event "Titled Tuesday Blitz December 20 Early 2022"]
[White "FairChess_on_YouTube"]
[Black "Dzhess, Anna"]
[BlackFideId "34377859"]
[WhiteElo "3072"]
[BlackElo "1062"]
[Result "1-0"]
[Round "02"]
[TimeControl "180+2"]
[Date "2022.12.20"]
[WhiteClock "0:00:20"]
[BlackClock "0:00:10"]

1. d4 Nf6 2. c4 g6 3. Nf3 Bg7 4. Nc3 O-O 5. e4 d6 6. Be2 e5 7. d5 a5 8. Bg5 h6 9. Bh4 Na6 10. Nd2 Nc5 11. b3 g5 12. Bg3 Nh7 13. f3 f5 14. O-O f4 15. Bf2 b6 16. a3 Rf7 17. b4 Nd7 18. Nb3 Bf8 19. bxa5 bxa5 20. a4 h5 21. Nb5 Ndf6 22. Qe1 g4 23. Nxa5 g3 24. hxg3 fxg3 25. Bxg3 Bh6 26. Nc6 Qf8 27. Bh4 Rg7 28. Bd1 Bb7 29. Ra2 Kh8 30. a5 Qf7 31. a6 Bxc6 32. dxc6 Nf8 33. Nxc7 Qxc7 34. Bxf6 Ne6 35. Qh4 Nf4 36. g3 Ng6 37. Qxh5 Qb6+ 38. Kh1 Kg8 39. Rh2 Raa7 40. Qxh6 1-0


[Site "https://www.chess.com"]

[Event "Titled Tuesday Blitz December 20 Early 2022"]
[White "Fera, Aryanti"]
[Black "Leon-Black"]
[WhiteFideId "7118988"]
[WhiteElo "1770"]
[BlackElo "2634"]
[Result "1-0"]
[Round "02"]
[TimeControl "180+2"]
[Date "2022.12.20"]
[WhiteClock "0:00:03"]
[BlackClock "0:00:01"]

1. Nf3 Nf6 2. g3 e6 3. Bg2 d5 4. O-O b5 5. d3 Bb7 6. Nbd2 Be7 7. Qe1 c5 8. e4 O-O 9. exd5 exd5 10. Nb3 a5 11. a4 b4 12. Bf4 Re8 13. Qd2 Nc6 14. Ne5 Bd6 15. Nxc6 Bxc6 16. d4 c4 17. Nc5 Bxf4 18. Qxf4 Re2 19. Rac1 Ra7 20. Bf3 Re8 21. Rfe1 Rae7 22. Re5 Rxe5 23. dxe5 Nd7 24. Nxd7 Qxd7 25. b3 c3 26. Re1 Qa7 27. Re3 Qc5 28. Rd3 h6 29. h4 Re7 30. h5 Re8 31. Qf5 Re7 32. Kg2 d4 33. Bxc6 Qxc6+ 34. Kg1 Qd5 35. f4 Re6 36. Qh3 Qe4 37. Qg2 Qe1+ 38. Kh2 f6 39. Rxd4 fxe5 40. Re4 Qd2 41. fxe5 Qg5 42. Qe2 Qf5 43. Kg2 Qg5 44. Qc4 Qf5 45. g4 Qf7 46. Qd5 Kh8 47. Qxa5 Qd7 48. Qc5 Qd2+ 49. Qf2 Qd5 50. Qf8+ Kh7 51. Qf5+ Kg8 52. Kg3 Qd7 53. Qf3 1-0


[Site "https://www.chess.com"]

[Event "Titled Tuesday Blitz December 20 Early 2022"]
[White "Flawless_Fighter"]
[Black "Pranav, V"]
[BlackFideId "25060783"]
[WhiteElo "2622"]
[BlackElo "2597"]
[Result "0-1"]
[Round "02"]
[TimeControl "180+2"]
[Date "2022.12.20"]
[WhiteClock "0:00:09"]
[BlackClock "0:00:09"]

1. d4 d5 2. Nf3 Nf6 3. Bf4 c6 4. e3 g6 5. Nbd2 Bg7 6. Be2 O-O 7. h4 Bf5 8. Ne5 Nfd7 9. h5 Nxe5 10. Bxe5 f6 11. Bh2 e5 12. c3 Nd7 13. Qb3 Nb6 14. g4 Be6 15. O-O-O Qd7 16. Rdg1 Rac8 17. hxg6 hxg6 18. Qc2 e4 19. Nb3 Kf7 20. Nc5 Qe7 21. Kb1 Rh8 22. f3 exf3 23. Bxf3 Rce8 24. Bg3 Bc8 25. e4 Qd8 26. Bf4 Rxh1 27. Rxh1 Nc4 28. a3 b6 29. Nb3 Be6 30. Nd2 Nxd2+ 31. Bxd2 Rh8 32. Re1 Qd7 33. exd5 Bxd5 34. Be4 Bxe4 35. Qxe4 Rh4 36. Rg1 f5 37. Qf3 Bf6 38. gxf5 Qxf5+ 39. Qxf5 gxf5 40. Rf1 Ke6 41. Kc2 Rh2 42. Re1+ Kf7 43. Rf1 Ke6 44. Re1+ Kd7 45. Rf1 Bg5 46. Rd1 Ke6 47. Kd3 Bh4 48. Rf1 b5 49. b3 a6 50. Rf3 Rh1 51. Re3+ Kf7 52. Rf3 Kf6 53. c4 Rb1 54. Kc2 Rh1 55. Bc3 Kg5 56. Kd3 Kg4 57. Re3 f4 58. Re8 f3 59. Rg8+ Kh3 60. Rf8 Kg2 61. d5 cxd5 62. cxd5 f2 63. Rg8+ Kh3 64. Rf8 f1=Q+ 65. Rxf1 Rxf1 66. Ke4 Rd1 67. Bd4 Kg4 68. d6 Re1+ 69. Kd5 Kf5 70. Kc6 Ke6 71. Bc5 Rc1 72. Kb6 Kd7 73. b4 Rc3 74. Kxa6 Rxa3+ 75. Kxb5 Bg3 76. Kc4 Bxd6 77. Bd4 Rh3 78. Kd5 Bxb4 79. Kc4 Bd6 80. Kd5 Rh5+ 81. Ke4 Ke6 82. Be3 Rh4+ 83. Kf3 Kf5 84. Bf2 Rh3+ 85. Kg2 Kg4 86. Bg1 Rb3 87. Kf2 Bc5+ 88. Kg2 Bxg1 89. Kxg1 Kf3 90. Kh2 Kf2 91. Kh1 Rh3# 0-1


[Site "https://www.chess.com"]

[Event "Titled Tuesday Blitz December 20 Early 2022"]
[White "Forgacs, Gyula"]
[Black "Shockerlover"]
[WhiteFideId "701203"]
[WhiteElo "2305"]
[BlackElo "1948"]
[Result "1-0"]
[Round "02"]
[TimeControl "180+2"]
[Date "2022.12.20"]
[WhiteClock "0:01:28"]
[BlackClock "0:00:01"]

1. e4 d6 2. d4 g6 3. Nc3 Bg7 4. f4 Nf6 5. Bd3 O-O 6. Nf3 c5 7. d5 e6 8. dxe6 Bxe6 9. O-O d5 10. exd5 Nxd5 11. Ne4 b6 12. c3 Nc6 13. Ng3 Qc7 14. f5 Bc8 15. fxg6 hxg6 16. Ng5 Nf6 17. Bf4 Qb7 18. Bc4 Bg4 19. Qb3 Na5 20. Qa4 Nxc4 21. Qxc4 Rad8 22. Be5 Be6 23. Qh4 Nh5 24. Bxg7 Kxg7 25. N3e4 1-0


[Site "https://www.chess.com"]

[Event "Titled Tuesday Blitz December 20 Early 2022"]
[White "Formento, Paolo"]
[Black "Goryachkina, Aleksandra"]
[WhiteFideId "861162"]
[BlackFideId "4147103"]
[WhiteElo "2327"]
[BlackElo "2571"]
[Result "0-1"]
[Round "02"]
[TimeControl "180+2"]
[Date "2022.12.20"]
[WhiteClock "0:00:06"]
[BlackClock "0:00:07"]

1. e4 c5 2. Nf3 e6 3. d4 cxd4 4. Nxd4 Nf6 5. Nc3 Nc6 6. Ndb5 Bc5 7. Nd6+ Ke7 8. Bf4 e5 9. Nf5+ Kf8 10. Bg5 d6 11. Bd3 h6 12. Bxf6 Qxf6 13. Nd5 Qd8 14. O-O g6 15. Nfe3 Be6 16. Kh1 Kg7 17. f4 exf4 18. Rxf4 Ne5 19. Qe2 Rf8 20. Raf1 Bd4 21. c3 Nxd3 22. Qxd3 Be5 23. R4f2 Qh4 24. Nf4 Rae8 25. g3 Qg5 26. Ned5 h5 27. Kg2 Bc8 28. h4 Qd8 29. Qf3 Bg4 30. Qd3 a6 31. Ne3 Qd7 32. Nxg4 Qxg4 33. Qd5 Qd7 34. Nd3 Re7 35. b4 Qc6 36. Qxc6 bxc6 37. c4 Bd4 38. Rc2 Rxe4 39. Nf4 Be5 40. Rd1 Bxf4 41. gxf4 Rxf4 42. Rxd6 Rc8 43. Kg3 Rg4+ 44. Kh3 Re8 45. Rc3 Re6 46. Rd7 Rf6 47. a4 Rff4 48. b5 Rxh4+ 49. Kg3 Rhg4+ 50. Kh3 axb5 51. axb5 Rxc4 52. Rxc4 Rxc4 53. b6 Rb4 54. b7 c5 55. Rc7 c4 56. Kh4 c3+ 57. Kg5 Rb5+ 58. Kf4 c2 59. b8=Q Rxb8 60. Rxc2 Rb4+ 61. Kg5 Rg4# 0-1


[Site "https://www.chess.com"]

[Event "Titled Tuesday Blitz December 20 Early 2022"]
[White "Garma, Chito"]
[Black "Jasko, Pavel"]
[WhiteFideId "5200342"]
[BlackFideId "980463"]
[WhiteElo "2345"]
[BlackElo "1693"]
[Result "1-0"]
[Round "02"]
[TimeControl "180+2"]
[Date "2022.12.20"]
[WhiteClock "0:00:53"]
[BlackClock "0:00:22"]

1. Nf3 d5 2. e3 c6 3. c4 Nf6 4. Nc3 a6 5. Qc2 g6 6. d4 Bg7 7. Bd3 dxc4 8. Bxc4 O-O 9. O-O b5 10. Bd3 Bb7 11. a4 Nbd7 12. Rd1 Qc7 13. e4 Rfc8 14. e5 Ne8 15. Bg5 e6 16. Ne4 c5 17. axb5 cxd4 18. Qxc7 Nxc7 19. Nd6 Bxf3 20. gxf3 Rcb8 21. bxa6 Nxe5 22. a7 Nxf3+ 23. Kg2 Nxg5 24. axb8=Q+ Rxb8 25. h4 Nh3 26. Kxh3 Rxb2 27. Ra7 Nd5 28. Rxf7 Be5 29. Nc4 Kxf7 30. Nxb2 Nf4+ 31. Kg4 h5+ 32. Kf3 Nd5 33. Nc4 Bc7 34. Be4 Nc3 35. Rxd4 Kf6 36. Rd7 Bh2 37. Nd6 Ke5 38. Nf7+ Kf6 39. Ng5 Nb5 40. Bd3 Nc3 41. Ne4+ Nxe4 42. Bxe4 g5 43. hxg5+ Kxg5 44. Rg7+ Kf6 45. Rg6+ Ke5 46. Rg5+ Kf6 47. Rxh5 Bb8 48. Kg4 Ba7 49. f4 Bb8 50. Rh6+ Kg7 51. Rxe6 Kf7 52. f5 Kg7 53. f6+ Kf7 54. Bd5 Kg6 55. f7+ Kg7 56. Re8 Bd6 57. Rg8+ Kh7 58. f8=Q Bf4 59. Qg7# 1-0


[Site "https://www.chess.com"]

[Event "Titled Tuesday Blitz December 20 Early 2022"]
[White "German, Gustavo"]
[Black "ChessFanNM"]
[WhiteFideId "103640"]
[WhiteElo "2515"]
[BlackElo "2395"]
[Result "1-0"]
[Round "02"]
[TimeControl "180+2"]
[Date "2022.12.20"]
[WhiteClock "0:00:05"]
[BlackClock "0:00:03"]

1. Nf3 d5 2. c4 c6 3. b3 Nf6 4. Bb2 Bf5 5. d3 e6 6. g3 h6 7. Bg2 Nbd7 8. O-O a5 9. a3 Be7 10. Nbd2 Bh7 11. Re1 O-O 12. Ra2 Bd6 13. Qa1 Re8 14. e4 dxe4 15. Nxe4 Nxe4 16. dxe4 e5 17. Bc3 Qe7 18. Rd2 Nc5 19. Qb1 Bc7 20. Nh4 Rad8 21. Nf5 Bxf5 22. exf5 Rxd2 23. Bxd2 Rd8 24. Be3 Nd3 25. Rd1 e4 26. f6 Qxf6 27. Bxe4 Ne5 28. Kg2 Ng4 29. Rxd8+ Bxd8 30. Bc5 b6 31. Qd1 h5 32. Qd7 g6 33. Qe8+ Kh7 34. h3 bxc5 35. hxg4 hxg4 36. Bxc6 Kg7 37. Bd5 Qe7 38. Qc6 Qc7 39. Qb5 Be7 40. Qa6 Bd6 41. Qa8 Be7 42. Qe8 Bd6 43. Qe4 Qd7 44. Qe1 Qe7 45. Qd1 Be5 46. Qxg4 Bd4 47. Qf3 Qf6 48. Qe2 Qe5 49. Qf3 Qf6 50. Qxf6+ Kxf6 51. Kf3 Ke7 52. Ke4 Bb2 53. b4 Bxa3 54. bxa5 Kd6 55. a6 Kc7 56. a7 1-0


[Site "https://www.chess.com"]

[Event "Titled Tuesday Blitz December 20 Early 2022"]
[White "Gnechko_Ruslan"]
[Black "Jenkins, Drake"]
[BlackFideId "2022397"]
[WhiteElo "2448"]
[BlackElo "2130"]
[Result "0-1"]
[Round "02"]
[TimeControl "180+2"]
[Date "2022.12.20"]
[WhiteClock "0:00:03"]
[BlackClock "0:00:03"]

1. e4 c5 2. Nf3 g6 3. d4 cxd4 4. Nxd4 Nf6 5. Nc3 Nc6 6. Nxc6 bxc6 7. e5 Ng8 8. Bc4 Qa5 9. O-O Ba6 10. Bxa6 Qxa6 11. f4 Nh6 12. Be3 Nf5 13. Bf2 h5 14. Qd2 Bh6 15. Rad1 Rd8 16. Ne4 Qxa2 17. Ra1 Qd5 18. Qxd5 cxd5 19. Nc3 Bxf4 20. Nxd5 Bxe5 21. c3 O-O 22. Rfe1 f6 23. Rxa7 Kf7 24. Rd1 d6 25. b4 Ra8 26. Rda1 Rxa7 27. Rxa7 Rc8 28. Be1 Ke6 29. Nc7+ Kd7 30. Nd5+ Ke6 31. Nb6 Rc6 32. Na4 Ne3 33. b5 Rc4 34. b6 Rc8 35. b7 Rb8 36. Nb6 Nd5 37. Nc4 Bxc3 38. Bf2 Bb4 39. h3 Kd7 40. g4 Bc5 41. Bxc5 dxc5 42. Ra5 hxg4 43. Rxc5 Nc7 44. Nb6+ Kd6 45. Rc3 Rxb7 46. Nc8+ Kd7 47. hxg4 Kxc8 48. g5 fxg5 49. Rc6 Kd7 50. Rxg6 Rb5 51. Kf2 Rf5+ 52. Ke3 e6 53. Rg7+ Kd6 54. Ke4 Nd5 55. Rg8 Rf4+ 56. Kd3 g4 57. Rg5 Rf3+ 58. Ke2 Rf4 59. Kd3 Rb4 0-1


[Site "https://www.chess.com"]

[Event "Titled Tuesday Blitz December 20 Early 2022"]
[White "GregLeBarbare"]
[Black "Zozik, S. Mohammed"]
[BlackFideId "4803280"]
[WhiteElo "2242"]
[BlackElo "2116"]
[Result "1-0"]
[Round "02"]
[TimeControl "180+2"]
[Date "2022.12.20"]
[WhiteClock "0:00:18"]
[BlackClock "0:00:05"]

1. d4 Nf6 2. Bf4 c5 3. e3 Qb6 4. Nc3 d5 5. a3 e6 6. Nf3 a6 7. Bd3 Bd6 8. Na4 Qa5+ 9. b4 Qxa4 10. Bxd6 c4 11. Be2 Qc6 12. Bg3 O-O 13. c3 Ne4 14. Qc2 b5 15. Ne5 Qb6 16. Bf4 Nc6 17. f3 Nf6 18. O-O Nxe5 19. Bxe5 Nd7 20. Bg3 Bb7 21. e4 e5 22. Rad1 a5 23. Kh1 axb4 24. axb4 dxe4 25. dxe5 exf3 26. Bxf3 Bxf3 27. Rxf3 Rad8 28. Bh4 f6 29. exf6 Nxf6 30. Rdf1 Qd6 31. Qf5 Rd7 32. Qxb5 Qd5 33. Qxd5+ Rxd5 34. Bxf6 gxf6 35. h3 Rfd8 36. Rg3+ Kf7 37. Rf4 Rd3 38. Rff3 Ke6 39. Kh2 f5 40. b5 Ke5 41. b6 f4 42. Rg5+ Kf6 43. Rb5 Rxf3 44. gxf3 Ke6 45. b7 Rb8 46. Rb4 Kd5 47. h4 Kc5 48. Kh3 Kd5 49. Kg4 Ke5 50. Rb5+ Ke6 51. Kxf4 Kd6 52. Ke4 Kc6 53. Rb4 Kc7 54. Kd4 Rd8+ 55. Kxc4 Kb8 56. Rb5 Rf8 57. Rh5 Rxf3 58. Rxh7 Rf4+ 59. Kb3 Rg4 60. h5 Rh4 61. h6 Rh3 62. Kb4 Rh5 63. c4 Rh2 64. Kb5 Rh1 65. c5 Rb1+ 66. Kc6 Rd1 67. Rh8+ Ka7 68. b8=Q+ Ka6 69. Qb6# 1-0


[Site "https://www.chess.com"]

[Event "Titled Tuesday Blitz December 20 Early 2022"]
[White "Groz, Jacky"]
[Black "AldokhinIvan"]
[WhiteFideId "626643"]
[WhiteElo "2052"]
[BlackElo "2572"]
[Result "1-0"]
[Round "02"]
[TimeControl "180+2"]
[Date "2022.12.20"]
[WhiteClock "0:00:14"]
[BlackClock "0:00:09"]

1. e4 c5 2. Nc3 e6 3. g3 Nc6 4. Bg2 Nf6 5. f4 d5 6. d3 dxe4 7. dxe4 Qxd1+ 8. Nxd1 Bd7 9. c3 O-O-O 10. Nf2 Na5 11. b3 Bc6 12. Be3 b6 13. Ne2 h5 14. h3 Nb7 15. O-O Nd6 16. e5 Bxg2 17. Kxg2 Nf5 18. Kf3 Nd5 19. Bd2 c4 20. bxc4 Nc7 21. Rad1 Na6 22. Be3 Nxe3 23. Rxd8+ Kxd8 24. Kxe3 Bc5+ 25. Kf3 Bxf2 26. Rd1+ Ke7 27. Kxf2 Rc8 28. Rd4 Nb8 29. Ke3 Nc6 30. Re4 Na5 31. Kd3 Nb7 32. Kc2 Na5 33. Kd3 Nb7 34. Rd4 Nc5+ 35. Kc2 Nb7 36. Nc1 Na5 37. Kd3 Nc6 38. Re4 f5 39. exf6+ gxf6 40. Nb3 f5 41. Re3 Kf6 42. Nd4 Nd8 43. Nf3 Nb7 44. Ng5 Nc5+ 45. Kc2 Rd8 46. Re2 Rd6 47. Rd2 Rxd2+ 48. Kxd2 e5 49. Ke3 e4 50. Nh7+ Kg7 51. Ng5 Kf6 52. Kd4 Na4 53. a3 Nb2 54. g4 hxg4 55. hxg4 Nd1 56. Nh7+ Kg7 57. Ng5 Kf6 58. gxf5 Kxf5 59. Nxe4 Kxf4 60. Nd6 a6 61. Nc8 Ne3 62. a4 Nc2+ 63. Kd3 Ne1+ 64. Kd4 Nc2+ 65. Kd5 Ne3+ 66. Kc6 Nxc4 67. Nxb6 Nb2 68. Kc5 Ke5 69. Nc4+ Nxc4 70. Kxc4 Kd6 71. Kd4 Kc6 72. c4 a5 73. c5 Kc7 74. Kd5 Kd7 75. c6+ Kc7 76. Kc5 Kc8 77. Kb6 Kb8 78. Kxa5 Kc7 79. Kb5 Kc8 80. Kb6 Kb8 81. c7+ Kc8 82. a5 Kd7 83. Kb7 1-0


[Site "https://www.chess.com"]

[Event "Titled Tuesday Blitz December 20 Early 2022"]
[White "GuessChess_game"]
[Black "nikitakhoroshev"]
[WhiteElo "2424"]
[BlackElo "2709"]
[Result "0-1"]
[Round "02"]
[TimeControl "180+2"]
[Date "2022.12.20"]
[WhiteClock "0:00:06"]
[BlackClock "0:00:33"]

1. d4 Nf6 2. Nf3 g6 3. Nc3 Bg7 4. e4 d6 5. h3 O-O 6. Bc4 Nxe4 7. Bxf7+ Rxf7 8. Nxe4 Nc6 9. O-O Rxf3 10. Qxf3 Nxd4 11. Qd1 Bf5 12. Re1 d5 13. Ng3 Bxc2 14. Qg4 e5 15. Be3 Bf5 16. Nxf5 Nxf5 17. Qb4 b6 18. Rad1 Qd7 19. Rd2 d4 20. f3 c5 21. Qc4+ Qf7 22. Qxf7+ Kxf7 23. Bf2 Ke6 24. f4 Kd5 25. fxe5 Bxe5 26. Rde2 Bd6 27. g4 Nh6 28. Kg2 Nf7 29. Bg3 Rd8 30. Bxd6 Nxd6 31. Re7 d3 32. Rxh7 Nc4 33. b3 Nb2 34. Ree7 Kd6 0-1


[Site "https://www.chess.com"]

[Event "Titled Tuesday Blitz December 20 Early 2022"]
[White "Haimov, Elchanan"]
[Black "Canche Cab, Marco Alexei"]
[WhiteFideId "2835916"]
[BlackFideId "5116139"]
[WhiteElo "1707"]
[BlackElo "2004"]
[Result "0-1"]
[Round "02"]
[TimeControl "180+2"]
[Date "2022.12.20"]
[WhiteClock "0:01:05"]
[BlackClock "0:00:04"]

1. d4 Nf6 2. Bg5 c5 3. d5 Ne4 4. Bc1 e6 5. dxe6 fxe6 6. Nd2 Nxd2 7. Bxd2 d5 8. e4 Nc6 9. Nf3 Be7 10. h4 O-O 11. Ng5 h6 12. Qh5 Qe8 13. Qg4 hxg5 14. hxg5 Qg6 15. Bd3 Ne5 16. Qh3 Nxd3+ 17. cxd3 Bxg5 18. Bxg5 Qxg5 19. f4 Rxf4 20. Qh8+ Kf7 21. Rh3 dxe4 22. dxe4 b6 23. Rd1 Rxe4+ 24. Kf2 Re2+ 25. Kxe2 Ba6+ 26. Kf2 Rxh8 27. Rxh8 Bb5 28. Rh3 Bc6 29. Rg3 Qf4+ 30. Rf3 Bxf3 31. gxf3 Qc4 32. Rd7+ Kf6 33. Rxa7 Qc2+ 34. Kg3 Qxb2 35. a4 Qe5+ 36. f4 Qe3+ 37. Kg4 c4 38. Rc7 c3 39. Rc4 Qe2+ 40. Kh4 Qxc4 41. a5 bxa5 42. Kh5 c2 43. f5 Qc5 44. Kh4 Qxf5 45. Kg3 a4 46. Kg2 a3 47. Kg3 a2 48. Kg2 a1=Q 49. Kg3 e5 50. Kg2 e4 51. Kg3 e3 52. Kg2 e2 53. Kg3 c1=Q 54. Kg2 e1=Q 55. Kh2 g5 56. Kg2 g4 57. Kh2 g3+ 58. Kg2 Qff2+ 59. Kh3 Qff1+ 60. Kg4 g2 61. Kh3 Qee3+ 62. Kh2 Qeg1+ 63. Kh3 Qce3+ 64. Kg4 Qad4+ 65. Kh5 Qee4 66. Kh6 Qgf2 67. Kh5 Qfc4 68. Kh6 g1=Q 69. Kh5 Qgg4+ 70. Kh6 Qff4# 0-1


[Site "https://www.chess.com"]

[Event "Titled Tuesday Blitz December 20 Early 2022"]
[White "Harsha_Bharathakoti"]
[Black "GP9isback23"]
[WhiteElo "2867"]
[BlackElo "2577"]
[Result "1-0"]
[Round "02"]
[TimeControl "180+2"]
[Date "2022.12.20"]
[WhiteClock "0:00:15"]
[BlackClock "0:00:03"]

1. f4 d5 2. Nf3 Nf6 3. g3 g6 4. Bg2 Bg7 5. O-O O-O 6. d3 c5 7. Qe1 Nc6 8. e4 dxe4 9. dxe4 Nd4 10. Na3 Bg4 11. e5 Ne8 12. Be3 Nxf3+ 13. Bxf3 Bxf3 14. Rxf3 b6 15. Rd1 Qc8 16. Bf2 Nc7 17. Rfd3 Ne6 18. Qe4 Rd8 19. Rxd8+ Nxd8 20. Nc4 Nc6 21. c3 Qe6 22. b3 f5 23. Qf3 Kf7 24. Nd6+ exd6 25. Rxd6 Nxe5 26. fxe5 Qe8 27. Qd5+ Kf8 28. e6 Bf6 29. Be3 Be7 30. Rd7 Rd8 31. Bh6+ Kg8 32. Qe5 Bf8 33. Rg7+ 1-0


[Site "https://www.chess.com"]

[Event "Titled Tuesday Blitz December 20 Early 2022"]
[White "Hasangatin_Ramil"]
[Black "LileKoridze"]
[WhiteElo "2705"]
[BlackElo "2345"]
[Result "1-0"]
[Round "02"]
[TimeControl "180+2"]
[Date "2022.12.20"]
[WhiteClock "0:02:12"]
[BlackClock "0:01:29"]

1. e4 c5 2. Nf3 d6 3. d4 cxd4 4. Qxd4 a6 5. Be3 Nc6 6. Qb6 Qxb6 7. Bxb6 g6 8. Nc3 e6 9. O-O-O Nf6 10. Be2 Bd7 11. Bc7 Rc8 12. Bxd6 Bxd6 13. Rxd6 Ke7 14. Rhd1 Rhd8 15. h3 b5 16. a3 Ne8 17. R6d2 Na5 18. Ne5 Nf6 19. g4 h6 20. f4 g5 21. h4 Nh7 22. Rxd7+ 1-0


[Site "https://www.chess.com"]

[Event "Titled Tuesday Blitz December 20 Early 2022"]
[White "Herrera Figueroa, Amado Ama"]
[Black "Shankland, Sam"]
[WhiteFideId "5137470"]
[BlackFideId "2004887"]
[WhiteElo "1496"]
[BlackElo "2711"]
[Result "0-1"]
[Round "02"]
[TimeControl "180+2"]
[Date "2022.12.20"]
[WhiteClock "0:00:01"]
[BlackClock "0:00:40"]

1. Nf3 d5 2. g3 g6 3. d4 Bg7 4. b3 Nf6 5. Bb2 O-O 6. Bg2 c6 7. O-O Bf5 8. Ne5 Nbd7 9. c4 Nxe5 10. dxe5 Ng4 11. cxd5 Nxe5 12. Nc3 cxd5 13. Qxd5 Nc6 14. Qxd8 Rfxd8 15. Rfd1 Rac8 16. Rxd8+ Rxd8 17. Rd1 Rc8 18. Na4 b5 19. Bxg7 Kxg7 20. Nc3 Nd4 21. Rxd4 Rxc3 22. Bf1 Rc1 23. Kg2 a5 24. e4 e5 25. Rd2 Bxe4+ 26. f3 Bxf3+ 27. Kxf3 Rxf1+ 28. Kg2 Rc1 29. Rd5 e4 30. Rxb5 Rc2+ 31. Kf1 Rxa2 32. Re5 Rxh2 33. Rxe4 Rb2 34. Re5 Rxb3 0-1


[Site "https://www.chess.com"]

[Event "Titled Tuesday Blitz December 20 Early 2022"]
[White "Hsu, Li Yang"]
[Black "supertfc"]
[WhiteFideId "5800080"]
[WhiteElo "2427"]
[BlackElo "2268"]
[Result "1-0"]
[Round "02"]
[TimeControl "180+2"]
[Date "2022.12.20"]
[WhiteClock "0:00:32"]
[BlackClock "0:00:02"]

1. Nf3 d5 2. g3 Nf6 3. Bg2 Bg4 4. O-O Nbd7 5. d4 e6 6. Nbd2 Be7 7. Re1 c5 8. e4 cxd4 9. exd5 Nxd5 10. Nb3 O-O 11. Qxd4 Bf5 12. c4 Nb4 13. Rd1 Nc2 14. Qxd7 Qxd7 15. Rxd7 Rfd8 16. Rxe7 Rd1+ 17. Bf1 Bh3 18. Nfd2 Nxa1 19. Nxa1 Rxc1 20. Nab3 Rd1 21. Rxb7 Rd8 22. Rxa7 h5 23. c5 Rc8 24. f3 Bxf1 25. Nxf1 Rb1 26. Kf2 Rxb2+ 27. Nfd2 h4 28. gxh4 Kh7 29. Ke3 Kg6 30. h5+ Kxh5 31. Rxf7 Rxa2 32. Rxg7 Kh6 33. Re7 Rc6 34. Kf4 Kg6 35. Ke5 Kg5 36. Rxe6 Rxe6+ 37. Kxe6 Kf4 38. c6 Rc2 39. Kd7 Ke3 40. c7 1-0


[Site "https://www.chess.com"]

[Event "Titled Tuesday Blitz December 20 Early 2022"]
[White "Huda, Maryana"]
[Black "Artels, Lieven"]
[WhiteFideId "14116553"]
[BlackFideId "205834"]
[WhiteElo "2160"]
[BlackElo "1984"]
[Result "1-0"]
[Round "02"]
[TimeControl "180+2"]
[Date "2022.12.20"]
[WhiteClock "0:01:32"]
[BlackClock "0:01:39"]

1. d4 Nf6 2. c4 g6 3. Nc3 Bg7 4. e4 d6 5. Be2 O-O 6. Bg5 Nbd7 7. Qd2 c5 8. d5 Nb6 9. Nf3 a6 10. h3 Bd7 11. O-O Nc8 12. a4 Na7 13. e5 dxe5 14. Nxe5 Rb8 15. Bf4 Ra8 16. a5 b6 17. axb6 Qxb6 18. Na4 Qb7 19. Qa5 Qb4 20. Qxc5 Qxc5 21. Nxc5 Rfd8 22. Rxa6 Nh5 23. Bxh5 Bxe5 24. Bxe5 gxh5 25. b4 f6 26. Bf4 Bf5 27. Rfa1 1-0


[Site "https://www.chess.com"]

[Event "Titled Tuesday Blitz December 20 Early 2022"]
[White "Husnutdinov, Damir"]
[Black "SHIVACalypso"]
[WhiteFideId "14200910"]
[WhiteElo "2415"]
[BlackElo "2418"]
[Result "0-1"]
[Round "02"]
[TimeControl "180+2"]
[Date "2022.12.20"]
[WhiteClock "0:00:54"]
[BlackClock "0:01:04"]

1. d4 d5 2. Nf3 Bg4 3. g3 Bxf3 4. exf3 Qd6 5. Bg2 g6 6. O-O Bg7 7. Bf4 Qb6 8. c3 Qxb2 9. Nd2 Qxc3 10. Rc1 Qxd4 11. Rxc7 Nd7 12. Qa4 Qxa4 13. Rxb7 Ngf6 14. Rc1 O-O 15. Rcc7 Qd1+ 16. Bf1 e5 17. Be3 d4 18. Bg5 h6 19. Bxf6 Nxf6 20. Nc4 e4 21. Nd6 e3 22. fxe3 dxe3 23. Nxf7 e2 0-1


[Site "https://www.chess.com"]

[Event "Titled Tuesday Blitz December 20 Early 2022"]
[White "Ibarra Jerez, Jose Carlos"]
[Black "Gennady_Kozlov"]
[WhiteFideId "2226332"]
[WhiteElo "2563"]
[BlackElo "2574"]
[Result "1-0"]
[Round "02"]
[TimeControl "180+2"]
[Date "2022.12.20"]
[WhiteClock "0:00:17"]
[BlackClock "0:00:13"]

1. e4 e6 2. d4 d5 3. Nc3 Nf6 4. Bg5 Be7 5. e5 Nfd7 6. Bxe7 Qxe7 7. Qg4 g6 8. Nf3 a6 9. O-O-O c5 10. dxc5 Nc6 11. Qf4 Nxc5 12. h4 h5 13. Kb1 Bd7 14. Bd3 O-O-O 15. Rhe1 Nxd3 16. Rxd3 Be8 17. Ne2 Qc7 18. Ned4 Kb8 19. Qf6 Rg8 20. Rc3 Rc8 21. Nxc6+ bxc6 22. Rc5 Ka8 23. Re3 Rb8 24. Rec3 Qb6 25. b3 Qb4 26. Kb2 Rc8 27. a3 Qe4 28. Qe7 Qe2 29. Nd4 Qxf2 30. Ra5 Qxd4 31. Rxa6+ Kb8 32. Ka2 Bd7 33. Rc5 Qf2 34. b4 Rc7 35. Qd6 Rc8 36. b5 Kb7 37. a4 Qd4 38. c3 Qd2+ 39. Ka3 Qc1+ 40. Kb4 Qb2+ 41. Ka5 Qa3 42. b6 Qb3 43. Ra7+ Kb8 44. Rxc7 1-0


[Site "https://www.chess.com"]

[Event "Titled Tuesday Blitz December 20 Early 2022"]
[White "IngOscarArdila"]
[Black "De Firmian, Nick"]
[BlackFideId "2000105"]
[WhiteElo "2196"]
[BlackElo "2460"]
[Result "0-1"]
[Round "02"]
[TimeControl "180+2"]
[Date "2022.12.20"]
[WhiteClock "0:00:26"]
[BlackClock "0:00:19"]

1. d4 Nf6 2. c4 g6 3. Nc3 d5 4. e3 Bg7 5. Nf3 O-O 6. Be2 c5 7. O-O cxd4 8. Nxd4 Nc6 9. Nxc6 bxc6 10. cxd5 cxd5 11. Bf3 Be6 12. Qa4 Bd7 13. Qa3 Bc6 14. Rd1 e6 15. Qc5 Qb6 16. Qxb6 axb6 17. Bd2 Ne4 18. Bxe4 dxe4 19. a3 Rfd8 20. Rac1 Rd6 21. Be1 Rad8 22. Rxd6 Rxd6 23. Kf1 f5 24. Ke2 Be5 25. Rd1 Rxd1 26. Kxd1 Bxh2 27. g3 h5 28. Ke2 h4 29. Kf1 h3 30. b4 g5 31. b5 Bd7 32. a4 Kf7 33. Ne2 e5 34. Nc3 Be6 35. f4 exf4 36. exf4 gxf4 37. gxf4 Bxf4 38. Bf2 Bc7 39. Kg1 h2+ 40. Kh1 f4 41. Nxe4 Bd5 42. Kxh2 Bxe4 43. Kh3 Ke6 44. Kg4 Kd5 45. a5 bxa5 46. b6 Bb8 47. Be1 a4 48. Bd2 Kc6 49. Bb4 f3 50. b7 Kxb7 51. Bc5 Kc6 52. Bf2 a3 0-1


[Site "https://www.chess.com"]